 Dungeon Crawl Stone Soup version 0.25-a0-737-g26c3a87c45 (webtiles) character file.

Game seed: 6249317760478119521, levelgen mode: classic

11 Amnesiac the Chiller (level 2, -3/20 HPs)
             Began as a Ghoul Ice Elementalist on Apr 11, 2020.
             Slain by Jessica
             ... wielding a +0 dagger of venom
              (4 damage)
             ... on level 2 of the Dungeon.
             The game lasted 00:00:40 (366 turns).

Amnesiac the Chiller (Ghoul Ice Elementalist)        Turns: 366, Time: 00:00:40

Health: -3/20      AC:  2    Str: 11    XL:     2   Next: 29%
Magic:  1/4        EV: 12    Int: 10    God:
Gold:   11         SH:  0    Dex:  9    Spells: 4/5 levels left

rFire    . . .     SeeInvis .   (no weapon)
rCold    + . .     Gourm    .   (no shield)
rNeg     + + +     Faith    .   a - +0 robe
rPois    ∞         Spirit   .   (no helmet)
rElec    .         Reflect  .   (no cloak)
rCorr    .         Harm     .   (no gloves)
MR       .....                  (no boots)
Stlth    ++........             (no amulet)
HPRegen  0.00/turn              (no ring)
MPRegen  0.09/turn              (no ring)

@: rotting
A: rotting body, claws 1, carnivore, cold resistance 1, negative energy
resistance 3, inhibited regeneration, torment resistance, unbreathing
a: no special abilities


You were on level 2 of the Dungeon.
You were not hungry.

You visited 1 branch of the dungeon, and saw 2 of its levels.

You collected 11 gold pieces.

Inventory:

Armour
 a - a +0 robe (worn)
Scrolls
 b - a scroll of enchant armour {!r, unknown}
Comestibles
 c - 3 rations


   Skills:
 - Level 1.7 Dodging
 - Level 2.1 Stealth
 + Level 2.0 Spellcasting
 * Level 4.8 Ice Magic


You had 4 spell levels left.
You knew the following spells:

 Your Spells              Type           Power        Failure   Level  Hunger
a - Freeze                Ice            ##..         4%          1    ##.....

Your spell library contained the following spells:

 Spells                   Type           Power        Failure   Level  Hunger
 Frozen Ramparts          Ice            ##....       13%         3    ####...
 Ozocubu's Armour         Chrm/Ice       #.......     34%         3    ####...
 Hailstorm                Conj/Ice       #.......     75%         4    #####..
 Summon Ice Beast         Ice/Summ       #.......     75%         4    #####..


Dungeon Overview and Level Annotations

Branches:
Dungeon (2/15)

Altars:

Annotations:
D:2 Jessica


Innate Abilities, Weirdness & Mutations

Your body is rotting away.
You thrive on raw meat.
You are immune to poison.
You have sharp fingernails.
You are carnivorous and can eat meat at any time.
Your flesh is cold resistant. (rC+)
You are immune to negative energy. (rN+++)
You do not regenerate when monsters are visible.
You are immune to unholy pain and torment.
You can survive without breathing.


Message History

Confirm with . or Enter, or press ? or * to list all spells.
You don't have enough magic to cast that spell.
You closely miss the kobold.
The kobold is heavily wounded.
A dart slug comes into view.
The kobold misses you.
You barely miss the kobold.
The kobold is heavily wounded.
A kobold comes into view. It is wielding a +0 short sword.
The kobold barely misses you.
Casting: Freeze (safe; 4% risk of failure)
Confirm with . or Enter, or press ? or * to list all spells.
You don't have enough magic to cast that spell.
You barely miss the kobold.
The kobold is heavily wounded.
The kobold shouts!
The kobold hits you with a +0 short sword.
Eat a chunk of flesh? (ye/n/q)
You eat the chunk of flesh.
This raw flesh tastes great!
The kobold hits you with a +0 short sword.
* * * LOW HITPOINT WARNING * * *
Okay, then.
You scratch the kobold.
The kobold is severely wounded.
The kobold hits you with a +0 short sword.
* * * LOW HITPOINT WARNING * * *
Casting: Freeze (safe; 4% risk of failure)
Confirm with . or Enter, or press ? or * to list all spells.
Aiming: Freeze (safe; 4% risk of failure)
Press: ? - help, Shift-Dir - straight line, f - kobold
Aim: a kobold, wielding a +0 short sword (severely wounded)
You freeze the kobold.
You kill the kobold!
A hobgoblin comes into view. It is wielding a +0 club.
The hobgoblin shouts!
You scratch the hobgoblin.
The hobgoblin is lightly wounded.
You hear a shout!
The hobgoblin closely misses you.
You see here a stone.
The hobgoblin hits you but does no damage.
Casting: Freeze (safe; 4% risk of failure)
Confirm with . or Enter, or press ? or * to list all spells.
You don't have enough magic to cast that spell.
A kobold comes into view.
Jessica the Apprentice Sorceress comes into view.
She is wielding a +0 dagger of venom.
A hobgoblin comes into view.
Jessica grins evilly.
The hobgoblin misses you.
Jessica moves out of view.
Found 7 gold pieces.
A quokka comes into view.
Jessica gestures wildly while chanting.
Jessica seems to speed up.
The quokka misses you. The hobgoblin closely misses you.
Jessica casts a spell at you. You resist with some effort.
The quokka closely misses you.
Jessica shouts, "You're disturbing me!
I'll have to kill you!"
Jessica hits you with a +0 dagger of venom.
* * * LOW HITPOINT WARNING * * *
The hobgoblin hits you.
* * * LOW HITPOINT WARNING * * *
The quokka barely misses you.
Jessica hits you with a +0 dagger of venom.
You die...

#...# #.$.#
#...###########.
#...K..K........
######...####..##....
##......gg..r...##...#
.......g..............
#.....@r...w...#....#
...#.#@JK####..#.....
#[##.#.g.).(.........
##r..#.).#######.....
##....÷...# .....
#.....##.# ....
#....#<.# # #...
####.##.# ..# #S #.#
.$.


You could see an ooze, an adder (wandering), a dart slug, Jessica, a quokka, 3
hobgoblins, a goblin, 2 kobolds and a rat.

Vanquished Creatures
  2 bats (D:1)
  4 goblins
  3 frilled lizards
  2 kobolds (D:2)
11 creatures vanquished.

Notes
Turn   | Place    | Note
-------+----------+-------------------------------------------
     0 | D:1      | Amnesiac the Ghoul Ice Elementalist began the quest for the
                  | Orb.
     0 | D:1      | Reached XP level 1. HP: 14/14 MP: 2/2
   326 | D:2      | Reached XP level 2. HP: 19/20 MP: 2/4
   360 | D:2      | Noticed Jessica
   364 | D:2      | HP: 1/20 [hobgoblin (5)]
   366 | D:2      | Slain by Jessica

Levels and vault maps discovered:
D:1:      dpeg_arrival_three_same_balls, layout_basic, minmay_quantized
D:2:      layout_loops_cross, minmay_tall_x, uniq_terence, uniq_jessica

Skill      XL: |  1 |
---------------+----+-----
Spellcasting   | 2 |  2.0
Dodging        | |  1.7
Stealth        | |  2.1
Ice Magic      | |  4.8

Action                   || total
-------------------------++-------
Melee: Unarmed           ||    20
 Cast: Freeze            ||    11
  Eat: Chunk             ||     2
Armor: Robe              ||     4
Dodge: Dodged            ||    18

Table legend:
 A = Non-vault XP
 B = Vault XP
 C = Vault XP percentage of total XP
 D = Non-vault monster count
 E = Vault monster count
 F = Vault count percentage of total count
                 A         B        C        D         E       F
            +---------+---------+-------+---------+---------+-------
      Total |      14 |       3 |  17.6 |       9 |       2 |  18.2
            +---------+---------+-------+---------+---------+-------
        D:1 |       9 |       0 |   0.0 |       6 |       0 |   0.0
        D:2 |       5 |       3 |  37.5 |       3 |       2 |  40.0
            +---------+---------+-------+---------+---------+-------
